AoeStats
← Dragon

Arena

506514682Analyzed
4v4 RM · 18d ago on Sep 13, 2026· 56m 36s· 8 players
Game mode
Random Map
Map size
Large (8 player)
Population
200
Speed
Normal
Resources
Standard
Victory
Conquest
Starting age
Dark Age
Ending age
Imperial Age
RankedLock teamsTeams togetherTeam positionsShared explorationLock speedFull tech treeHidden civsTurbo modeCheats
Victory
Defeat
🇦🇷 Khitans · Argentina
1380
+13
🇦🇷 Japanese · Argentina
1372
+14
🇨🇴 Cumans · Colombia
1348
+15
🇦🇷 Bengalis · Argentina
1325
+16
🇩🇪 Hindustanis · Germany
1331
-15
🇩🇪 Portuguese · Germany
1329
-15
🇩🇪 Slavs · Germany
1328
-15
🇪🇸 Poles · Spain
1293
-13
Who am I
10:59 Feudal Age
14:48 Castle Age
14:11 Horse Collar
14:18 Double-Bit Axe
16:59 Wheelbarrow
17:11 Bow Saw
18:39 Loom
22:36 Gold Mining
23:53 Hand Cart
25:37 Gold Shaft Mining
24:54 Stone Mining
29:56 Imperial Age
28:29 Heavy Plow
28:55 Bloodlines
28:58 Scale Barding Armor
29:03 Forging
30:11 Husbandry
30:19 Scale Mail Armor
30:54 Iron Casting
29:43 Man-at-Arms
30:24 Squires
29:57 Onager
31:21 Chain Mail Armor
31:42 Crop Rotation
31:23 Fletching
30:57 Long Swordsman
30:58 Pikeman
32:06 Conscription
31:36 Two-Handed Swordsman
31:58 Halberdier
33:16 Champion
34:28 Bodkin Arrow
36:55 Two-Man Saw
37:56 Siege Engineers
38:03 Fortified Wall
38:05 Masonry
37:51 Murder Holes
39:43 Druzhina
44:14 Heavy Scorpion
47:13 Ballistics
52:17 Capped Ram
Alejandro_Cao
8:46 Loom
10:43 Feudal Age
16:07 Castle Age
14:41 Horse Collar
22:51 Double-Bit Axe
28:56 Heavy Plow
33:24 Imperial Age
31:32 Wheelbarrow
32:12 Bow Saw
32:23 Fletching
32:40 Scale Barding Armor
33:05 Szlachta Privileges
33:39 Forging
34:11 Bloodlines
34:29 Conscription
34:33 Chain Barding Armor
33:59 Cavalier
35:25 Husbandry
35:47 Bodkin Arrow
36:32 Masonry
36:43 Ballistics
38:38 Town Watch
38:39 Light Cavalry
41:13 Treadmill Crane
43:31 Crop Rotation
43:40 Iron Casting
44:17 Hand Cart
44:01 Capped Ram
46:16 Blast Furnace
44:58 Siege Ram
45:50 Siege Engineers
45:31 Winged Hussar
48:41 Lechitic Legacy
49:55 Onager
Dragon
9:31 Feudal Age
16:38 Castle Age
21:39 Loom
22:29 Wheelbarrow
21:41 Double-Bit Axe
21:38 Horse Collar
25:32 Bow Saw
30:51 Imperial Age
28:54 Heavy Plow
29:11 Hand Cart
29:02 Gold Mining
30:27 Scale Barding Armor
30:32 Forging
30:36 Stone Mining
31:04 Bloodlines
30:14 Light Cavalry
30:56 Husbandry
32:02 Chain Barding Armor
32:18 Iron Casting
31:09 Heavy Camel Rider
33:04 Imperial Camel Rider
34:41 Plate Barding Armor
36:01 Blast Furnace
36:20 Conscription
36:01 Grand Trunk Road
37:34 Fletching
44:09 Light Cavalry
45:47 Hussar
siggi-lok
12:29 Feudal Age
13:59 Loom
16:34 Castle Age
14:44 Double-Bit Axe
15:07 Horse Collar
17:46 Heavy Plow
29:05 Imperial Age
35:09 Imperial Age
41:18 Wheelbarrow
40:29 Town Watch
42:10 Hand Cart
42:12 Siege Engineers
44:04 Chemistry
44:14 Pikeman
45:04 Scale Mail Armor
45:14 Forging
44:44 Man-at-Arms
45:56 Chain Mail Armor
45:49 Town Patrol
46:50 Halberdier
49:42 Arquebus
51:11 Iron Casting
TVHG.LALO_CAESTA
5:04 Loom
9:23 Feudal Age
9:54 Double-Bit Axe
10:01 Gold Mining
14:21 Fletching
16:46 Padded Archer Armor
22:01 Horse Collar
24:07 Wheelbarrow
23:46 Town Watch
29:00 Castle Age
29:54 Bloodlines
29:51 Scale Barding Armor
30:28 Forging
30:58 Chain Barding Armor
30:52 Capped Ram
32:14 Iron Casting
35:58 Imperial Age
35:27 Stone Mining
36:28 Scale Mail Armor
37:41 Plate Barding Armor
36:32 Cavalier
37:20 Pikeman
38:16 Chain Mail Armor
38:16 Halberdier
47:00 Squires
50:39 Hand Cart
TheKillerSoap
8:09 Loom
10:12 Feudal Age
14:08 Castle Age
12:26 Double-Bit Axe
13:28 Loom
13:40 Stone Mining
24:07 Fletching
30:56 Wheelbarrow
31:46 Gold Mining
32:35 Town Watch
32:37 Horse Collar
34:12 Bow Saw
39:45 Imperial Age
37:58 Scale Mail Armor
39:09 Arson
39:24 Squires
39:59 Chain Mail Armor
40:06 Forging
40:59 Conscription
41:20 Plate Mail Armor
42:49 Iron Casting
42:58 Bodkin Arrow
43:22 Heavy Plow
45:13 Hand Cart
46:58 Blast Furnace
45:21 Pikeman
45:49 Elite Samurai
46:02 Halberdier
48:20 Bracer
48:20 Padded Archer Armor
49:39 Onager
51:47 Leather Archer Armor
53:37 Chemistry
53:10 Siege Engineers
52:47 Treadmill Crane
54:37 Ring Archer Armor
BuMm
10:20 Feudal Age
14:06 Castle Age
12:29 Double-Bit Axe
13:53 Horse Collar
21:35 Bow Saw
22:12 Loom
23:05 Wheelbarrow
22:28 Stone Mining
22:31 Gold Mining
23:01 Loom
23:35 Heavy Plow
25:13 Hand Cart
24:44 Town Watch
26:31 Gold Shaft Mining
29:15 Imperial Age
27:07 Hand Cart
27:02 Fletching
27:14 Padded Archer Armor
27:37 Town Patrol
27:45 Bodkin Arrow
28:55 Paiks
29:17 Leather Archer Armor
30:26 Ballistics
31:06 Chemistry
29:48 Treadmill Crane
30:17 Bracer
31:23 Ring Archer Armor
32:09 Conscription
33:11 Bloodlines
33:01 Husbandry
32:52 Elite Elephant Archer
34:09 Siege Engineers
36:43 Scale Barding Armor
36:48 Forging
37:46 Chain Barding Armor
37:47 Masonry
37:03 Light Cavalry
37:36 Elite Battle Elephant
40:23 Iron Casting
43:03 Blast Furnace
42:39 Plate Barding Armor
45:31 Architecture
52:02 Murder Holes
53:56 Two-Man Saw
AssassingBlue
7:23 Loom
9:34 Feudal Age
11:20 Double-Bit Axe
13:20 Forging
13:28 Domestication
14:48 Scale Barding Armor
22:20 Castle Age
20:28 Gold Mining
21:30 Fletching
21:40 Padded Archer Armor
21:27 Town Watch
23:23 Bodkin Arrow
22:55 Heavy Cavalry Archer
25:15 Wheelbarrow
29:59 Town Patrol
32:56 Imperial Age
30:26 Heated Shot
31:35 Ballistics
32:08 Stone Mining
32:43 Bow Saw
33:28 Leather Archer Armor
33:39 Thumb Ring
33:45 Husbandry
33:32 Treadmill Crane
34:35 Parthian Tactics
34:12 Bracer
40:07 Chemistry
45:25 Two-Man Saw
45:12 Ring Archer Armor
47:35 Stone Shaft Mining
48:19 Hand Cart
54:56 Hand Cart
57:32 Chain Barding Armor
57:47 Iron Casting
Connection lost

Rejoining the realm…

Still unreachable

The connection could not be restored.

Session expired

The server has moved on; the page needs a fresh start.